 Dungeon Crawl Stone Soup version 0.13.0-18-g7b03ea5 (webtiles) character file.

243 Deemzul the Insei (level 5, 0/35 HPs)
             Began as an Octopode Monk on Oct 23, 2013.
             Slain by Dowan
             ... wielding a +2,+2 elven dagger of draining
              (1 damage)
             ... on Level 4 of the Dungeon.
             The game lasted 00:02:52 (2051 turns).

Deemzul the Insei (Octopode Monk)                   Turns: 2051, Time: 00:02:52

HP   0/35        AC  1     Str 11      XL: 5   Next: 43%
MP   4/4         EV 11     Int 12      God:
Gold 81          SH 10     Dex 15      Spells:  0 memorised,  4 levels left

Res.Fire  : . . .   See Invis. : .     - Unarmed
Res.Cold  : . . .   Warding    : .   t - +2 dwarf buckler
Life Prot.: . . .   Conserve   : .   (helmet restricted)
Res.Poison: .       Res.Corr.  : .   (no amulet)
Res.Elec. : .       Clarity    : .   j - ring of flight
Sust.Abil.: . .     Spirit.Shd : .   (no ring)
Res.Mut.  : .       Stasis     : .   (no ring)
Res.Rott. : .       Flight     : .   (no ring)
Saprovore : . . .                    (no ring)
                                     (no ring)
                                     (no ring)
                                     (no ring)

@: hasted and slowed, glowing, drained, slightly resistant to hostile
enchantments, fairly stealthy
A: almost no armour, amphibious, 8 rings, constrict 8, camouflage 1, AC +1
a: Evoke Flight


You were on level 4 of the Dungeon.
You were not hungry.

You visited 1 branch of the dungeon, and saw 4 of its levels.

You collected 81 gold pieces.

Inventory:

Armour
 t - a +2 dwarven buckler (worn)
Comestibles
 b - 4 bread rations
 g - 2 apples
 i - a lychee
 p - a lemon
 r - a meat ration
 u - a chunk of hound flesh
Scrolls
 a - 4 scrolls of identify {unknown}
 c - a scroll of teleportation {unknown}
 d - a scroll of recharging {unknown}
 e - 3 scrolls of remove curse {unknown}
 f - a scroll of blinking {unknown}
 h - a scroll of fear {unknown}
 k - 2 scrolls of fog {unknown}
 n - 2 scrolls of random uselessness {unknown}
 o - 2 scrolls of curse weapon {unknown}
 q - a scroll of enchant weapon I {unknown}
 s - a scroll of enchant weapon II
Jewellery
 j - a ring of flight (left tentacle)
Potions
 l - a potion of flight {unknown}
 m - a potion of slowing


   Skills:
 - Level 3.0(1.9) Fighting
 - Level 3.0(1.9) Dodging
 - Level 5.0(3.9) Stealth
 + Level 1.0(0.0) Shields
 * Level 5.6(4.4) Unarmed Combat


You had 4 spell levels left.
You didn't know any spells.

Dungeon Overview and Level Annotations

Branches:
Dungeon (4/27)
 Temple: D:4-7

Altars:
Makhleb
Trog

Annotations:
D:4 Dowan, Duvessa


Innate Abilities, Weirdness & Mutations

You cannot wear most types of armour.
You are amphibious.
You can wear up to eight rings at the same time.
You can use your tentacles to constrict many enemies at once.
Your skin changes colour to match your surroundings (Stlth).
Your rubbery body absorbs attacks (AC +1).


Message History

Duvessa hits you with an elven short sword!
Unknown command.
Unknown command.
Drink which item? (? for menu, Esc to quit)
You feel yourself slow down.
It was a potion of slowing.
You constrict Duvessa.
Dowan hits you with an elven dagger of draining.
* * * LOW HITPOINT WARNING * * *
You feel drained.
* * * LOW HITPOINT WARNING * * *
Duvessa hits you with an elven short sword.
* * * LOW HITPOINT WARNING * * *
Drink which item? (? for menu, Esc to quit)
You feel refreshed.
It was a potion of restore abilities.
You constrict Duvessa. You block Dowan's attack. Duvessa closely misses you.
Drink which item? (? for menu, Esc to quit)
You feel yourself speed up.
It was a potion of speed.
You constrict Duvessa.
Dowan hits you with an elven dagger of draining.
* * * LOW HITPOINT WARNING * * *
You feel drained.
You die...

## ######################## ..
.......e................. ##
.........e@..........§.....
#.....######+####.######≈≈...
#.....#O........####⌠#§##≈...
#.....#......... #≈≈≈≈≈#≈###
#...>.#......... ##≈...≈#≈# #
#####.....#......... #⌠≈...§#≈###
..>.......#......... #≈._..'...#
..........+......... #⌠≈..§§#§#.#
........).#############≈...≈#≈#.#


You could see Duvessa and Dowan.

Vanquished Creatures
  2 hounds (D:4)
  A worker ant (D:4)
  Ijyb (D:2)
  2 adders (D:4)
  An ooze (D:4)
  An orc (D:4)
  A ball python (D:4)
  5 bats
  4 giant cockroaches
  5 goblins
  4 hobgoblins
  4 giant newts
  4 jackals (D:4)
  6 kobolds
  A quokka (D:2)
  3 rats
45 creatures vanquished.

Notes
Turn   | Place    | Note
--------------------------------------------------------------
     0 | D:1      | Deemzul, the Octopode Monk, began the quest for the Orb.
     0 | D:1      | Reached XP level 1. HP: 14/14 MP: 0/0
    63 | D:1      | Reached XP level 2. HP: 14/19 MP: 1/1
   447 | D:1      | Paralysed by a potion of paralysis for 7 turns
   591 | D:2      | Noticed Ijyb
   606 | D:2      | Killed Ijyb
   606 | D:2      | Reached XP level 3. HP: 21/25 MP: 2/2
  1215 | D:4      | Reached skill level 5 in Stealth
  1215 | D:4      | Reached XP level 4. HP: 7/30 MP: 3/3
  1486 | D:4      | Reached skill level 5 in Unarmed Combat
  1628 | D:4      | Reached XP level 5. HP: 35/35 MP: 4/4
  1734 | D:4      | Noticed an ogre
  1845 | D:4      | Found a burning altar of Makhleb.
  1930 | D:4      | Reached skill level 1 in Shields
  1941 | D:4      | Found a bloodstained altar of Trog.
  2041 | D:4      | Noticed Dowan
  2042 | D:4      | Noticed Duvessa
  2051 | D:4      | HP: 1/35 [Dowan/elven dagger of draining (4)]
  2051 | D:4      | Slain by Dowan

Action                   |  1- 3 |  4- 6 || total
-------------------------+-------+-------++-------
Melee: Unarmed           |    73 |    37 ||   110
  Use: Potion            |     1 |     3 ||     4
       Scroll            |     1 |       ||     1
 Stab: Sleeping          |    12 |     2 ||    14
